 Dungeon Crawl Stone Soup version 0.30-a0-218-gedb9141078 (webtiles) character file.

Game seed: 15304742100007324417

8006 giganojonis the Cleaver (level 11, -1/95 HPs)
             Began as a Minotaur Fighter on Oct 5, 2022.
             Was a High Priest of the Shining One.
             Slain by an orc knight
             ... wielding a +0 war axe
              (28 damage)
             ... on level 2 of the Orcish Mines.
             The game lasted 00:18:45 (8696 turns).

giganojonis the Cleaver (Minotaur Fighter)          Turns: 8696, Time: 00:18:45

Health: -1/95      AC: 16    Str: 26    XL:     11   Next: 4%
Magic:  10/10      EV: 12    Int:  5    God:    the Shining One [*****.]
Gold:   469        SH:  6    Dex:  9    Spells: 10/10 levels left

rFire   . . .      SeeInvis .    H - +3 broad axe (freeze)
rCold   + + .      Faith    .    c - +1 buckler
rNeg    + + .      Spirit   .    G - +2 plate armour {rC+}
rPois   .          Reflect  .    (helmet restricted)
rElec   .          Harm     .    (no cloak)
rCorr   .          Rampage  .    (no gloves)
Will    .....                    (no boots)
Stlth   ..........               (no amulet)
HPRegen 0.35/turn                A - +4 ring of evasion
MPRegen 0.12/turn                E - ring of protection from cold

@: glowing
A: horns 2, retaliatory headbutt
a: Renounce Religion, Divine Shield, Cleansing Flame, Summon Divine Warrior


You were on level 2 of the Orcish Mines.
You worshipped the Shining One.
The Shining One was extremely pleased with you.
You visited 4 branches of the dungeon, and saw 13 of its levels.
You also visited: Gauntlet.

You collected 759 gold pieces.
You spent 290 gold pieces at shops.

Inventory:

Hand Weapons
 a - a +0 flail
 i - a +1 hammer of holy wrath
 j - a +1 hammer of protection
 y - a +0 vorpal hand axe
 H - a +3 broad axe of freezing (weapon)
Armour
 b - a +0 scale mail
 c - a +1 buckler (worn)
 e - a +1 helmet
 r - the +1 scale mail of Yttuli {rElec rPois rF+ Int+4}
   (You found it on level 2 of the Dungeon)

   Int:       It affects your intelligence (+4).
   rF:        It protects you from fire.
   rElec:     It insulates you from electricity.
   rPois:     It protects you from poison.
 G - a +2 plate armour of cold resistance (worn)
Jewellery
 A - a +4 ring of evasion (left hand)
 E - a ring of protection from cold (right hand)
 F - an amulet of magic regeneration
Wands
 C - a wand of polymorph (7)
 I - a wand of mindburst (6)
Scrolls
 h - a scroll of blinking
 k - a scroll of acquirement {unknown}
 l - 2 scrolls of amnesia {unknown}
 n - a scroll of butterflies
 o - 3 scrolls of enchant weapon
 p - 4 scrolls of vulnerability
 v - a scroll of enchant armour
 w - 2 scrolls of noise {unknown}
 x - 2 scrolls of poison {unknown}
 D - 3 scrolls of identify
Potions
 d - a potion of haste {unknown}
 f - 2 potions of brilliance
 g - a potion of might
 m - a potion of heal wounds {unknown}
 s - 3 potions of curing
 t - 2 potions of lignification
 u - 3 potions of flight
 z - a potion of resistance
 B - a potion of cancellation
 J - a potion of mutation {unknown}
 K - a potion of degeneration {unknown}


   Skills:
 + Level 8.7 Fighting
 + Level 10.5(12.1) Axes
 + Level 9.8(11.8) Maces & Flails
 + Level 10.0 Armour
 + Level 4.6 Dodging
 + Level 1.2 Stealth
 + Level 7.2 Shields


You had 10 spell levels left.
You didn't know any spells.
Your spell library contained the following spells:

 Spells                   Type           Power      Damage    Failure   Level
 Apportation              Tloc           0%         N/A       99%         1
 Necrotise                Necr           0%         1d4       99%         1
 Summon Small Mammal      Summ           0%         N/A       99%         1
 Blink                    Tloc           0%         N/A       100%        2
 Momentum Strike          Conj/Tloc      0%         3d8       100%        2
 Frozen Ramparts          Ice            0%         1d1       100%        3
 Inner Flame              Hex/Fire       0%         N/A       100%        3
 Lesser Beckoning         Tloc           0%         N/A       100%        3
 Flame Wave               Conj/Fire      0%         2d4       100%        4
 Ice Form                 Ice/Tmut       0%         N/A       100%        4
 Manifold Assault         Tloc           0%         N/A       100%        4
 Sticky Flame             Conj/Fire      0%         2d3       100%        4
 Summon Ice Beast         Ice/Summ       0%         N/A       100%        4
 Storm Form               Tmut/Air       0%         N/A       100%        7


Dungeon Overview and Level Annotations

Branches:
Dungeon (9/15)             Temple (1/1) D:6             Orc (2/2) D:9
    Elf (1/3) Orc:2       Gauntlet (visited)
   Lair: D:8-11

Altars:
Ashenzari
Cheibriados
Dithmenos
Elyvilon
Fedhas
Gozag
Hepliaklqana
Kikubaaqudgha
Makhleb
Nemelex Xobeh
Okawaru
Qazlal
Ru
Sif Muna
Trog
Uskayaw
Vehumet
Wu Jian
Xom
Yredelemnul
Zin
The Shining One

Shops:
D:7 *

Annotations:
Temple 2 transporters


Innate Abilities, Weirdness & Mutations

You have a pair of horns on your head.
You reflexively headbutt those who attack you in melee.


Message History

Your butterfly dies!
Your butterfly disappears in a burst of colours!
The orc knight hits your butterfly with a +2 long sword of venom!!!
Your butterfly dies!
Your butterfly disappears in a burst of colours!
The orc knight roars a battlecry!
Something hits your butterfly!!!
Your butterfly dies!
Your butterfly disappears in a burst of colours!
The orc knight hits your butterfly with a +2 long sword of venom!!
Your butterfly dies!
Your butterfly disappears in a burst of colours!
The orc knight no longer looks unusually strong.
Something hits your butterfly.
Your butterfly dies!
Your butterfly disappears in a burst of colours!
The orc knight roars a battlecry!
The orc knight closely misses your butterfly.
The orc knight roars a battlecry!
The orc knight goes into a battle-frenzy!
Something hits your butterfly!!
Your butterfly dies!
Your butterfly disappears in a burst of colours!
The orc knight roars a battlecry!
The orc knight goes into a battle-frenzy!
Something hits your butterfly!!
Your butterfly dies!
Your butterfly disappears in a burst of colours!
There is a staircase to the Elven Halls here.
You climb downwards.
Welcome to the Elven Halls!
The deep elf zephyrmancer shouts!
The deep elf pyromancer shouts!
You hear a shout!
Found 5 stones.
There is a staircase back to the Mines here.
You climb upwards.
Welcome back to the Orcish Mines!
Your butterfly disappears in a burst of colours!
The orc knight roars a battlecry!
The orc goes into a battle-frenzy!
The orc knight hits you with a +0 war axe!!
You die...

..#.)...........)........##......
..##...........[)##.......#......
.###.^............###...........#
## ###..........####............#
# #...........# ####........##
#.............# #............. .
#............#####............ .#
..............#........#...... ..
.......@o........#...... .
.##.............###...∩.
#.............# ##....
###..o..o..#### #.... #......##.#
###.. ##.##o.#### ### ###...# ###
##.o.# # ##.### #...### #


You could see 3 orc knights, an orc priest (strong) and an orc (strong).

Vanquished Creatures
  Amaemon (D:8)
  An orc knight (Orc:2)
  An orange demon (D:8)
  The ghost of sirJeffrey23 the Trooper, an amateur MiBe of Trog (D:4)
  A troll (Orc:2)
  Prince Ribbit (D:5)
  A shadow (D:9)
  A wyvern (D:8)
  6 yaks (D:7)
  The ghost of scionoferis the Shooter, an amateur KoHu (D:6)
  A two-headed ogre zombie (D:9)
  3 ice beasts
  14 orc warriors
  A black bear (D:6)
  3 centaurs
  4 ogres
  2 phantoms
  2 kobold brigands
  A necrophage (D:7)
  4 bullfrogs
  A scorpion (D:5)
  2 troll zombies (D:9)
  6 killer bees
  2 howler monkeys
  A hound (D:5)
  A jelly (D:8)
  Crazy Yiuf (D:2)
  20 orc priests
  A gnoll bouda (D:8)
  5 iguanas
  8 orc wizards
  5 ogre zombies (D:9)
  4 adders
  3 gnolls (D:8)
  A white imp (D:8)
  3 dart slugs (D:1)
  64 orcs
  4 bats
  9 endoplasms
  3 giant cockroaches
  3 goblins (D:4)
  7 hobgoblins
  8 jackals
  4 quokkas
  3 ball pythons
  4 frilled lizards
  3 goblin zombies (D:9)
  2 hobgoblin skeletons (D:9)
  3 hobgoblin zombies (D:9)
  7 kobolds
  2 orc skeletons (D:9)
  14 orc zombies (D:9)
  5 rats
259 creatures vanquished.

Vanquished Creatures (others)
  A fungus (D:2)
1 creature vanquished.

Grand Total: 260 creatures vanquished

Notes
Turn   | Place    | Note
-------+----------+-------------------------------------------
     0 | D:1      | giganojonis the Minotaur Fighter began the quest for the
                  | Orb.
     0 | D:1      | Reached XP level 1. HP: 19/19 MP: 0/0
   120 | D:1      | Reached XP level 2. HP: 26/27 MP: 1/1
   377 | D:1      | Reached XP level 3. HP: 33/33 MP: 2/2
   617 | D:1      | Found a faded altar of an unknown god.
   760 | D:2      | Found a runed translucent door.
   767 | D:2      | Noticed Crazy Yiuf
   773 | D:2      | Killed Crazy Yiuf
   834 | D:2      | Reached XP level 4. HP: 40/40 MP: 3/3
   954 | D:2      | Found a shimmering blue altar of Sif Muna.
   960 | D:2      | You fall into a shaft and drop 1 floor!
  1114 | D:2      | Identified the +1 scale mail of Yttuli {rElec rPois rF+
                  | Int+4}
  1367 | D:2      | You fall into a shaft and drop 2 floors!
  1795 | D:3      | Reached XP level 5. HP: 47/47 MP: 4/4
  2537 | D:4      | Noticed an ogre
  2544 | D:4      | Killed an ogre
  2545 | D:4      | Reached skill level 5 in Armour
  2545 | D:4      | Reached skill level 1 in Dodging
  2688 | D:4      | Found a radiant altar of Vehumet.
  2689 | D:4      | Found an ornate altar of the Wu Jian Council.
  2691 | D:4      | Found a shimmering blue altar of Sif Muna.
  2740 | D:4      | Reached XP level 6. HP: 17/53 MP: 5/5
  2750 | D:4      | Reached skill level 5 in Maces & Flails
  3215 | D:4      | Found a large runed translucent door.
  3216 | D:4      | Found a large runed translucent door.
  3220 | D:4      | Noticed sirJeffrey23's ghost (amateur MiBe)
  3235 | D:4      | Killed sirJeffrey23's ghost
  3236 | D:4      | Reached skill level 5 in Fighting
  3236 | D:4      | Reached XP level 7. HP: 57/61 MP: 6/6
  3535 | D:5      | Entered Level 5 of the Dungeon
  3732 | D:5      | Noticed Prince Ribbit
  3752 | D:5      | Killed Prince Ribbit
  3753 | D:5      | Reached skill level 5 in Shields
  3799 | D:5      | Reached XP level 8. HP: 46/68 MP: 7/7
  4494 | D:6      | Found a runed translucent door.
  4497 | D:6      | Noticed scionoferis's ghost (amateur KoHu)
  4528 | D:6      | Killed scionoferis's ghost
  5020 | D:6      | Found a staircase to the Ecumenical Temple.
  5039 | Temple   | Entered the Ecumenical Temple
  5039 | Temple   | Found a transporter.
  5039 | Temple   | Found a transporter.
  5041 | Temple   | Found a transporter.
  5041 | Temple   | Found a transporter.
  5064 | Temple   | Became a worshipper of the Shining One
  5133 | D:6      | Reached skill level 1 in Stealth
  5578 | D:7      | Reached XP level 9. HP: 54/78 MP: 8/8
  5885 | D:7      | Found Ycezog's General Store.
  5906 | D:7      | Bought a +3 broad axe of freezing for 290 gold pieces
  6019 | D:7      | Reached skill level 1 in Axes
  6395 | D:8      | Reached * piety under the Shining One
  6396 | D:8      | Noticed a purple ugly thing
  6396 | D:8      | Noticed a red ugly thing
  6824 | D:8      | Noticed Amaemon
  6827 | D:8      | Noticed an orange demon
  6836 | D:8      | Killed Amaemon
  6837 | D:8      | Reached skill level 5 in Axes
  6837 | D:8      | Reached XP level 10. HP: 18/88 MP: 9/9
  7096 | D:8      | Killed an orange demon
  7118 | D:8      | Found a sparkling altar of Nemelex Xobeh.
  7358 | D:8      | Noticed a +0 dagger
  7361 | D:8      | Found a hide-covered altar of Uskayaw.
  7362 | D:8      | Noticed a +0 hand axe
  7500 | D:8      | Noticed a gargoyle
  7501 | D:8      | Noticed a centaur warrior
  7502 | D:8      | Noticed a cyclops
  7982 | D:9      | Reached ** piety under the Shining One
  8010 | D:9      | Reached *** piety under the Shining One
  8011 | D:9      | Found a staircase to the Orcish Mines.
  8019 | D:9      | Reached **** piety under the Shining One
  8050 | Orc:1    | Entered Level 1 of the Orcish Mines
  8113 | Orc:2    | Entered Level 2 of the Orcish Mines
  8158 | Orc:2    | Noticed an orc knight
  8172 | Orc:2    | Killed an orc knight
  8172 | Orc:2    | HP: 3/89 [orc warrior/+0 battleaxe[an orc knight] (15)]
  8275 | Orc:2    | Found a gate leading to a gauntlet.
  8301 | Orc:2    | Reached skill level 10 in Axes
  8306 | Gauntlet | Entered a Gauntlet
  8306 | Gauntlet | Found a transporter.
  8306 | Gauntlet | Found a transporter.
  8306 | Gauntlet | Found a transporter.
  8307 | Gauntlet | Noticed a wizard
  8480 | Gauntlet | Found a transporter.
  8481 | Gauntlet | Found a transporter.
  8485 | Gauntlet | Found a transporter.
  8486 | Gauntlet | Noticed a torpor snail
  8490 | Gauntlet | Found a transporter.
  8492 | Gauntlet | Found a transporter.
  8493 | Gauntlet | Found a transporter.
  8495 | Gauntlet | Found a transporter.
  8499 | Gauntlet | Reached ***** piety under the Shining One
  8500 | Gauntlet | Noticed a fire crab
  8503 | Gauntlet | Found a transporter.
  8504 | Gauntlet | Found a transporter.
  8534 | Orc:2    | Found a staircase to the Elven Halls.
  8633 | Orc:2    | Reached XP level 11. HP: 80/95 MP: 10/10
  8634 | Orc:2    | Reached skill level 10 in Armour
  8642 | Orc:2    | Noticed an orc knight
  8643 | Orc:2    | Noticed an orc knight
  8645 | Orc:2    | Noticed an orc knight
  8645 | Orc:2    | Noticed an orc high priest
  8694 | Elf:1    | Entered Level 1 of the Elven Halls
  8694 | Elf:1    | Noticed a deep elf zephyrmancer
  8694 | Elf:1    | Noticed a deep elf zephyrmancer
  8694 | Elf:1    | Noticed a deep elf pyromancer
  8696 | Orc:2    | Slain by an orc knight

Illustrated notes

Levels and vault maps discovered:
D:1:      beargit_arrival_greenhouse, layout_basic,
          ebering_ecumenical_altar_sacrificial
D:2:      layout_loops_cross, basic_altar, uniq_crazy_yiuf_cottage
D:3:      layout_basic, minmay_misc_feat_chi, chequers_serial_rivers_micro_d
D:4:      layout_cave_pods, grunt_temple_overflow_open,
          ebering_ghost_disaster_area
D:5:      layout_basic, minmay_misc_feat_more_columns, uniq_prince_ribbit1
D:6:      layout_cave_pods, minmay_temple_entry_mist,
          hellmonk_ghost_happy_afterlife
D:7:      layout_basic, serial_shops, shop
D:8:      layout_layer_cave, dancing_weapons_uskayaw,
          lemuel_coloured_pillars_altar, serial_rivers,
          chequers_serial_rivers_large_a, chequers_serial_rivers_room_a,
          chequers_serial_rivers_small_3, chequers_serial_rivers_room_b,
          chequers_serial_rivers_micro_a, small_statue_intersection,
          kennysheep_diamond, onia_ninara_dug_in_and_dangerous, uniq_amaemon
D:9:      layout_cave_pools, zombieorc2_lemuel, enter_bailey_5, st_stairs_5
Temple:   hellmonk_temple_divided_pantheon
Orc:1:    layout_caves, minmay_shop_mayhem
Orc:2:    st_orc_pillars, layout_diamond_mine, gauntlet_entry_generic,
          mines2_lemuel
Elf:1:    minmay_elf_arrival_summoners, layout_gridlike, serial_shops,
          shop_fountains, kennysheep_underground_church

Skill      XL: |  1  2  3  4  5  6  7  8  9 10 11 |
---------------+----------------------------------+-----
Shields        | 4 5 6 7 |  7.2
Armour         | 4 5 6 7 8 9 10 | 10.0
Fighting       | 4 5 6 7 8 |  8.7
Maces & Flails | 3 4 5 6 8 9 |  9.8
Dodging        | 1 2 3 4 |  4.6
Stealth        | 1 |  1.2
Axes           | 5 10 | 10.5

Action                   |  1- 3 |  4- 6 |  7- 9 | 10-12 || total
-------------------------+-------+-------+-------+-------++-------
Melee: Flail             |    55 |       |       |       ||    55
       Headbutt          |     9 |    18 |    60 |    32 ||   119
       Mace              |     5 |   100 |   228 |       ||   333
       Broad axe         |       |       |    45 |   131 ||   176
  Use: Potion            |       |       |     6 |     2 ||     8
       Scroll            |       |       |     8 |     2 ||    10
Armor: Scale mail        |    33 |    48 |   136 |       ||   217
       Plate armour      |       |       |    11 |    85 ||    96
Dodge: Dodged            |    41 |    51 |   188 |    89 ||   369
Block: Buckler           |    10 |    19 |    79 |    46 ||   154

Table legend: (Time is in decaauts)
 A = Elapsed time spent in this place.
 B = Non-inter-level travel time spent in this place.
 C = Inter-level travel time spent in this place.
 D = Time resting spent in this place.
 E = Time spent auto-exploring this place.
 F = Levels seen in this place.
 G = Mean time per level.
                   A        B        C        D        E       F      G
               +--------+--------+--------+--------+--------+-----+--------+
         Total |   8801 |   8756 |     45 |    779 |   5839 |  14 |  628.6 |
       Dungeon |   8086 |   8041 |     45 |    523 |   5711 |   9 |  898.4 |
        Temple |     66 |     66 |      0 |      0 |      0 |   1 |   66.0 |
  Orcish Mines |    435 |    435 |      0 |     83 |    128 |   2 |  217.5 |
   Elven Halls |      1 |      1 |      0 |      0 |      0 |   1 |    1.0 |
      Gauntlet |    211 |    211 |      0 |    173 |      0 |   1 |  211.0 |
               +--------+--------+--------+--------+--------+-----+--------+

Top non-repeatable levels by time:
     D:8: 1370 daAuts
     D:4: 1228 daAuts
     D:7: 1135 daAuts
     D:6: 973 daAuts
     D:3: 964 daAuts
     D:5: 955 daAuts
     D:1: 731 daAuts
     D:2: 652 daAuts
   Orc:2: 372 daAuts
Gauntlet: 211 daAuts
     D:9: 74 daAuts
  Temple: 66 daAuts
   Orc:1: 62 daAuts
   Elf:1: 1 daAuts
